 Dungeon Crawl Stone Soup version 0.18.1-50-g88ac8fd (webtiles) character file.

5394 Chiseanne the Magician (level 10, -4/86 HPs)
             Began as a Centaur Air Elementalist on Oct 4, 2016.
             Was an Initiate of Gozag.
             Slain by a yak (5 damage)
             ... on level 9 of the Dungeon.
             The game lasted 00:36:00 (13279 turns).

Chiseanne the Magician (Centaur Air Elementalist)  Turns: 13279, Time: 00:36:00

Health: -4/86      AC: 15    Str: 11    XL:     10   Next: 40%
Magic:  2/30       EV: 17    Int: 22    God:    Gozag
Gold:   635        SH:  0    Dex: 15    Spells: 3 memorised, 17 levels left

rFire  . . .     SeeInvis .     a - +5 dire flail (crush)
rCold  + . .     Gourm    .     v - +2 leather armour {rC+}
rNeg   . . .     Faith    +     (shield currently unavailable)
rPois  .         Spirit   .     e - +3 hat of Pondering {ponderous, MR+ MP+10 Int+5}
rElec  .         Dismiss  .     O - +2 cloak
rCorr  .         Reflect  .     f - +2 pair of gloves
SustAt +         Harm     .     (no barding)
MR     +....                    i - amulet of faith
Stlth  ++........               (no ring)
                                u - ring of sustain attributes

@: agile, lethally poisoned (-4 -> -6), gold aura, repel missiles, quick,
somewhat resistant to hostile enchantments, unstealthy
A: hooves 3, deformed body, speed 2, tough skin 3
a: Potion Petition, Call Merchant, Bribe Branch, Renounce Religion


You were on level 9 of the Dungeon.
You worshipped Gozag.
Gozag was noncommittal.
You were not hungry.

You visited 2 branches of the dungeon, and saw 10 of its levels.

You collected 792 gold pieces.
You paid 157 gold pieces to Gozag.

Inventory:

Hand Weapons
 a - a +5 dire flail of crushing (weapon)
 y - a +2 trident of protection
 z - a +2 hand axe of flaming
 G - a +2 flail of crushing
 M - a +0 hand axe of electrocution
 R - a +0 falchion of electrocution
Missiles
 d - 46 poisoned needles
 j - 87 sling bullets
 k - 292 stones (quivered)
 l - 16 tomahawks
 o - 138 arrows
 Q - 16 bolts
Armour
 e - the +3 hat of Pondering (worn) {ponderous, MR+ MP+10 Int+5}
   (You found it on level 4 of the Dungeon)

   It affects your intelligence (+5).
   It affects your resistance to hostile enchantments.
   It affects your magic capacity (+10).
 f - a +2 pair of gloves (worn)
 v - a +2 leather armour of cold resistance (worn)
 O - a +2 cloak (worn)
Rods
 p - a +0 rod of ignition (13/13)
   (You found it on level 2 of the Dungeon)
Jewellery
 i - an amulet of faith (around neck)
 u - a ring of sustain attributes (left hand)
 J - a cursed -3 ring of slaying {unknown}
 K - a +3 ring of evasion {unknown}
Wands
 n - a wand of paralysis (9/24)
 r - a wand of paralysis (11/24)
 D - a wand of lightning (6/15)
 F - a wand of confusion (23/48)
 L - a wand of lightning (10/15)
 N - a wand of iceblast (9/15)
 P - a wand of paralysis (14/24)
Scrolls
 m - 4 scrolls of teleportation
 s - 3 scrolls of recharging
 w - a scroll of fog
 A - 4 scrolls of magic mapping
Potions
 g - a potion of flight
 h - 3 potions of haste
 q - 4 potions of curing
 x - 2 potions of resistance {unknown}
 B - a potion of cancellation
 E - a potion of brilliance {unknown}
 H - a potion of heal wounds {unknown}
 I - a potion of might
Books
 b - a book of Air

   Spells                             Type                      Level
   a - Shock                          Conjuration/Air              1
   b - Swiftness                      Charms/Air                   2
   c - Repel Missiles                 Charms/Air                   2
   d - Static Discharge               Conjuration/Air              3
   e - Lightning Bolt                 Conjuration/Air              5
Comestibles
 c - 7 bread rations
 t - 5 meat rations


   Skills:
 * Level 7.1 Fighting
 * Level 5.0 Dodging
 - Level 1.2 Stealth
 * Level 7.1 Spellcasting
 - Level 5.4 Conjurations
 - Level 5.8 Air Magic


You had 17 spell levels left.
You knew the following spells:

 Your Spells              Type           Power        Failure   Level  Hunger
a - Shock                 Conj/Air       ####         1%          1    None
b - Static Discharge      Conj/Air       ####....     3%          3    None
c - Repel Missiles        Chrm/Air       ###...       6%          2    None


Dungeon Overview and Level Annotations

Branches:
Dungeon (9/15)             Temple (1/1) D:4
   Lair: D:8-11         Orc: D:9-12

Altars:
Ashenzari
Cheibriados
Dithmenos
Elyvilon
Fedhas
Gozag
Kikubaaqudgha
Makhleb
Nemelex Xobeh
Okawaru
Pakellas
Qazlal
Ru
Sif Muna
Trog
Vehumet
Xom
Yredelemnul
Zin
The Shining One

Shops:
D:4 *


Innate Abilities, Weirdness & Mutations

You have hooves in place of feet.
Armour fits poorly on your strangely shaped body.
You cover ground very quickly.
You have extremely tough skin (AC +3).


Message History

The killer bee is no longer distracted by gold.
The yak is no longer distracted by gold. x3
The yak is distracted by the nearby gold.
The killer bee closely misses you.
Casting: Static Discharge
Confirm with . or Enter, or press ? or * to list all spells.
The killer bee is struck by lightning.
The killer bee is heavily wounded.
The lightning arcs!
The yak is struck by lightning.
You kill the yak!
The lightning arcs!
You are struck by lightning.
* * * LOW HITPOINT WARNING * * *
The lightning grounds out.
The yak bellows!
The killer bee stings you.
* * * LOW HITPOINT WARNING * * *
You are lethally poisoned!
The killer bee poisons you! The yak gores you.
You die...
Your body crumbles into a pile of gold.

#......#'######..................
#................##########......
#................# #......
...###########...# #...... #..#
...#...# #...... #..# .YY..####
#...... #..# #Y$$...# ####...
#..#### #.Yy...# #... #.....#
+$$@...# #... ......# #......#
#... ......##'#####......# #...
.............[......# #...
......[.............# #...
...#######..........# #...
...#.....#..........##########...
...#.....+.......................
...#.....#..................#####


You could see 4 yaks and a killer bee.

Vanquished Creatures
  Joseph (D:7)
  A troll (D:9)
  Prince Ribbit (D:9)
  Sigmund (D:5)
  A yak (D:9)
  A vampire (D:9)
  A hungry ghost (D:7)
  A hippogriff (D:9)
  Edmund (D:5)
  Menkaure (D:6)
  A water moccasin (D:4)
  3 ice beasts
  2 orc warriors
  A wasp (D:8)
  A black bear (D:9)
  2 sky beasts
  3 ogres
  2 phantoms
  2 centaurs (D:6)
  5 giant frogs
  Blork the orc (D:5)
  10 killer bees (D:9)
  A howler monkey (D:9)
  3 crimson imps
  A giant frog zombie (D:5)
  2 quasits
  2 centaur zombies
  6 hounds
  2 orc priests (D:9)
  12 orc wizards
  A centaur skeleton (D:4)
  A gnoll shaman (D:7)
  2 iguanas
  2 worker ants (D:6)
  A hound skeleton (D:6)
  A worker ant zombie (D:7)
  7 gnolls
  10 adders
  A shadow imp (D:9)
  An ooze (D:2)
  An adder skeleton (D:7)
  2 adder zombies
  2 worms (D:2)
  3 dart slugs
  6 giant geckos
  41 orcs
  A ball python (D:2)
  7 bats
  7 giant cockroaches
  7 hobgoblins
  13 jackals
  10 kobolds
  2 quokkas
  9 giant newts
  7 goblins
  A quokka skeleton (D:7)
  8 rats
226 creatures vanquished.

Notes
Turn   | Place    | Note
--------------------------------------------------------------
     0 | D:1      | Chiseanne the Centaur Air Elementalist began the quest for the Orb.
     0 | D:1      | Reached XP level 1. HP: 14/14 MP: 3/3
    76 | D:1      | Reached skill level 1 in Conjurations
   427 | D:1      | Reached XP level 2. HP: 8/20 MP: 1/4
  1687 | D:1      | Reached XP level 3. HP: 26/26 MP: 2/6
  2282 | D:1      | Learned a level 3 spell: Static Discharge
  2285 | D:1      | Learned a level 2 spell: Repel Missiles
  2879 | D:2      | Reached XP level 4. HP: 33/33 MP: 5/7
  4169 | D:3      | Reached XP level 5. HP: 20/38 MP: 0/9
  4662 | D:3      | Found an ancient bone altar of Kikubaaqudgha.
  4936 | D:4      | Noticed an ogre
  4952 | D:4      | Killed an ogre
  4952 | D:4      | Reached XP level 6. HP: 26/45 MP: 1/10
  5177 | D:4      | Found a staircase to the Ecumenical Temple.
  5188 | Temple   | Entered the Ecumenical Temple
  6026 | D:4      | Found Zin's Purification Station.
  6035 | D:4      | Found a glowing silver altar of Zin.
  6154 | D:5      | Entered Level 5 of the Dungeon
  6389 | D:5      | Noticed Blork the orc
  6392 | D:5      | Noticed a sky beast
  6397 | D:5      | Killed Blork the orc
  6397 | D:5      | Reached XP level 7. HP: 25/50 MP: 6/12
  6437 | D:4      | Reached skill level 5 in Air Magic
  7262 | D:5      | Noticed Edmund
  7274 | D:5      | Killed Edmund
  7686 | D:5      | Noticed Sigmund
  7694 | D:5      | Killed Sigmund
  7694 | D:5      | Reached XP level 8. HP: 53/57 MP: 11/14
  7699 | D:5      | Found a bloodstained altar of Trog.
  7845 | D:5      | Found a glowing golden altar of the Shining One.
  7953 | D:6      | Noticed Menkaure
  7958 | D:6      | Reached skill level 5 in Conjurations
  7959 | D:6      | Killed Menkaure
  7959 | D:6      | Reached skill level 1 in Fighting
  8405 | D:6      | Reached skill level 5 in Spellcasting
  8487 | D:6      | Found a white marble altar of Elyvilon.
  8564 | D:6      | Found a basalt altar of Yredelemnul.
  8817 | D:6      | Found a snail-covered altar of Cheibriados.
  9187 | D:7      | Reached XP level 9. HP: 38/70 MP: 11/17
  9394 | D:7      | Noticed Joseph
  9413 | D:7      | Killed Joseph
 10310 | D:7      | Found an iron altar of Okawaru.
 10310 | D:7      | Found an oddly glowing altar of Pakellas.
 10418 | D:8      | Reached skill level 5 in Fighting
 11331 | D:9      | Found a blossoming altar of Fedhas.
 11332 | D:9      | Found an opulent altar of Gozag.
 11339 | D:9      | Became a worshipper of Gozag Ym Sagoz the Greedy
 11666 | D:9      | Reached XP level 10. HP: 72/83 MP: 19/19
 12660 | D:9      | Noticed Prince Ribbit
 12673 | D:9      | Killed Prince Ribbit
 12777 | D:9      | Found a shadowy altar of Dithmenos.
 13273 | D:9      | Reached skill level 5 in Dodging
 13279 | D:9      | HP: 4/86 [/static electricity (3)]
 13279 | D:9      | HP: 1/86 [killer bee (3)]
 13279 | D:9      | Slain by a yak

Skill      XL: |  1  2  3  4  5  6  7  8  9 10 |
---------------+-------------------------------+-----
Conjurations   | 1 2 3 4 5 |  5.4
Air Magic      | 3 4 5 |  5.8
Spellcasting   | 2 3 4 5 6 7 |  7.1
Fighting       | 3 6 7 |  7.1
Dodging        | 2 4 5 |  5.0
Stealth        | |  1.2

Action                   |  1- 3 |  4- 6 |  7- 9 | 10-12 || total
-------------------------+-------+-------+-------+-------++-------
Melee: Dagger            |    75 |    68 |       |       ||   143
       Kick              |    10 |    19 |    21 |     3 ||    53
       Short sword       |       |    73 |    24 |       ||    97
       Dire flail        |       |       |   123 |    17 ||   140
 Cast: Shock             |    78 |   146 |   150 |     6 ||   380
       Static Discharge  |       |     8 |    58 |    51 ||   117
       Repel Missiles    |       |       |     1 |       ||     1
  Use: Scroll            |     4 |    11 |    10 |       ||    25
       Potion            |       |     1 |       |     2 ||     3
  Eat: Chunk             |     7 |     9 |    13 |       ||    29
       Fruit             |       |     1 |     4 |       ||     5
       Pizza             |       |       |     3 |       ||     3
       Beef jerky        |       |       |     3 |       ||     3
Armor: Robe              |    46 |    69 |    47 |       ||   162
       Skin              |       |    11 |       |       ||    11
       Leather armour    |       |       |    95 |    39 ||   134
Dodge: Dodged            |    52 |    77 |   109 |    32 ||   270
       Deflected         |       |       |     3 |       ||     3
